 Dungeon Crawl Stone Soup version 0.31.0-11-ge490571c62 (webtiles) character file.

Game seed: 5921845636337231241

1155 olmar the Digger (level 7, 0/41 (50) HPs)
             Began as a Demigod Earth Elementalist on Feb 1, 2024.
             Slain by a wight
             ... wielding a +2 long sword of freezing
              (3 damage)
             ... on level 6 of the Dungeon.
             The game lasted 00:06:27 (5386 turns).

olmar the Digger (Demigod Earth Elementalist)       Turns: 5386, Time: 00:06:27

HP:   0/41 (50)     AC:  4    Str: 15    XL:     7   Next: 94%
MP:   14/19         EV: 12    Int: 25    God:
Gold: 258           SH:  0    Dex: 14    Spells: 2/17 levels left

rFire   + . .        o - +0 dagger (protect)
rCold   + . .        (no shield)
rNeg    . . .        q - +2 robe {rC+ rF+}
rPois   +            (no helmet)
rElec   .            (no cloak)
rCorr   .            (no gloves)
SInv    .            (no boots)
Will    .....        (no amulet)
Stlth   ++           j - ring of poison resistance
HPRegen 0.26/turn    v - +6 ring of strength
MPRegen 0.16/turn

%: no passive effects
@: heavily drained
A: high MP 1, forlorn, divine attributes
a: no special abilities


You were on level 6 of the Dungeon.
You visited 1 branch of the dungeon, and saw 6 of its levels.

You collected 258 gold pieces.

Inventory:

Hand Weapons
 o - a +0 dagger of protection (weapon)
Missiles
 p - 3 poisoned darts
 t - 2 datura-tipped darts
Armour
 q - a +2 robe of resistance (worn)
Jewellery
 j - a ring of poison resistance (left hand)
 u - a ring of fire
 v - a +6 ring of strength (right hand)
Wands
 a - a wand of flame (23)
 r - a wand of mindburst (4)
Scrolls
 c - 2 scrolls of butterflies
 f - 2 scrolls of teleportation
 k - a scroll of noise {unknown}
 m - a scroll of fear {unknown}
 n - a scroll of revelation {unknown}
Potions
 b - a potion of cancellation {unknown}
 d - 2 potions of heal wounds
 e - 4 potions of curing
 g - 2 potions of might
 h - a potion of brilliance {unknown}
 i - 2 potions of lignification {unknown}
 l - a potion of ambrosia {unknown}
 s - a potion of magic


   Skills:
 + Level 0.3 Fighting
 - Level 1.8 Dodging
 - Level 1.8 Stealth
 + Level 5.9 Spellcasting
 + Level 1.7 Conjurations
 + Level 6.6 Earth Magic


You had 2 spell levels left.
You knew the following spells:

 Your Spells              Type           Power      Damage    Failure   Level
a - Sandblast             Erth           80%        2d17      1%          1
b - Passwall              Erth           40%        N/A       1%          3
c - Stone Arrow           Conj/Erth      56%        3d10      4%          3
d - Petrify               Alch/Erth      24%        N/A       19%         4
e - Brom's Barrelling Bo  Conj/Erth      28%        2d5       13%         4

Your spell library contained the following spells:

 Spells                   Type           Power      Damage    Failure   Level
 Hailstorm                Conj/Ice       11%        3d6       16%         3
 Summon Ice Beast         Ice/Summ       7%         N/A       22%         3
 Sculpt Simulacrum        Ice/Alch       3%         N/A       100%        6


Dungeon Overview and Level Annotations

Branches:
Dungeon (6/15)
 Temple: D:4-7

Annotations:
D:4 Dowan


Innate Abilities, Weirdness & Mutations

You have an increased reservoir of magic. (+10% MP)
You shall have no god before yourself.
Your divine heritage dramatically boosts your attributes as you level up.


Message History

The stone arrow misses the wight.
The stone arrow hits the ice beast!
The ice beast is moderately wounded.
A wight comes into view. It is wielding a +4 dagger.
The wight hits you with a +2 long sword of freezing!
The wight freezes you.
The stone arrow misses the wight.
The stone arrow hits the ice beast!
The ice beast is severely wounded.
The wight hits you with a +2 long sword of freezing!
You feel drained. The wight freezes you.
You are too injured to fight recklessly!
You are too injured to fight recklessly!
The wight attacks as it pursues you!
The wight hits you with a +2 long sword of freezing.
You feel drained.
There is an open door here.
Okay, then.
Aiming: Mindburst
Press: ? - help, Shift-Dir - straight line, f/p - wight
Aim: a wight, wielding a +2 long sword of freezing and wearing a +0 robe (chance to affect: 64%)
Okay, then.
The wight attacks as it pursues you!
The wight hits you with a +2 long sword of freezing.
* * * LOW HITPOINT WARNING * * *
You feel drained.
* * * LOW HITPOINT WARNING * * *
The wight freezes you.
* * * LOW HITPOINT WARNING * * *
You feel much better.
The wight hits you with a +2 long sword of freezing!
You feel drained. The wight freezes you.
A wight comes into view. It is wielding a +0 long sword.
Unknown command.
Unknown command.
Unknown command.
Unknown command.
The wight attacks as it pursues you!
The wight hits you with a +2 long sword of freezing!
* * * LOW HITPOINT WARNING * * *
You feel drained.
You die...

..... .##.....# .#
......... ...
###........ ...#
##.......... .
....##.............
#.................
.#.....@...........
.......z#z~~~~....
....#...#~###~.#.
... ##..Y.'z'..# .
##..~###~.....
##.~z~ .....
####... ###. ....#
..##


You could see an ice beast and 2 wights.

Vanquished Creatures
  Sigmund (D:5)
  2 ogres (D:5)
  A phantom (D:5)
  A scorpion (D:5)
  2 electric eels (D:3)
  3 jellies (D:5)
  A howler monkey (D:5)
  A bombardier beetle (D:4)
  4 hounds
  A sleepcap (D:5)
  Ijyb (D:5)
  An iguana (D:5)
  2 orc wizards (D:3)
  6 gnolls
  4 adders
  2 dart slugs
  A ribbon worm (D:2)
  8 orcs
  8 endoplasms
  3 giant cockroaches
  8 goblins
  8 hobgoblins
  6 jackals (D:1)
  8 kobolds
  7 quokkas
  4 ball pythons
  2 bats
  4 frilled lizards
100 creatures vanquished.

Notes
Turn   | Place    | Note
-------+----------+-------------------------------------------
     0 | D:1      | olmar the Demigod Earth Elementalist began the quest for
                  | the Orb.
     0 | D:1      | Reached XP level 1. HP: 14/14 MP: 5/5
    70 | D:1      | Reached skill level 3 in Earth Magic
    95 | D:1      | Reached XP level 2. HP: 7/20 MP: 0/7
   671 | D:1      | Reached XP level 3. HP: 26/26 MP: 2/9
   891 | D:1      | Learned a level 3 spell: Passwall
  1185 | D:2      | Learned a level 3 spell: Stone Arrow
  2148 | D:3      | Found a transporter.
  2151 | D:3      | Reached XP level 4. HP: 33/33 MP: 8/11
  2186 | D:3      | Found a transporter.
  2408 | D:3      | Reached skill level 4 in Earth Magic
  3324 | D:4      | Reached XP level 5. HP: 33/38 MP: 3/13
  3657 | D:4      | Noticed Dowan
  3794 | D:3      | Reached XP level 6. HP: 45/45 MP: 12/15
  3852 | D:4      | Learned a level 4 spell: Petrify
  3927 | D:5      | Entered Level 5 of the Dungeon
  3932 | D:5      | Reached skill level 5 in Earth Magic
  4035 | D:5      | Noticed Ijyb
  4038 | D:5      | Killed Ijyb
  4099 | D:5      | Noticed Sigmund
  4102 | D:5      | Killed Sigmund
  4103 | D:5      | Reached skill level 5 in Spellcasting
  4103 | D:5      | Reached XP level 7. HP: 50/50 MP: 16/18
  4273 | D:5      | Reached skill level 6 in Earth Magic
  4362 | D:5      | Reached skill level 1 in Conjurations
  4715 | D:5      | Learned a level 4 spell: Brom's Barrelling Boulder
  5386 | D:6      | Slain by a wight

Illustrated notes

Levels and vault maps discovered:
D:1:      tekkud_arrival_beachfront_property, layout_loops_ring,
          dreamdust_ecumenical_altar_grove
D:2:      layout_basic, nicolae_twisty_statue_hallways
D:3:      gammafunk_steamed_eel, layout_loops_corners,
          nicolae_vehumet_altar_sigil
D:4:      layout_basic, makhleb_blood_cavern_becter,
          chequers_temple_overflow_statue_of_worship,
          mainiacjoe_overflow_brackets, uniq_duvessa
D:5:      layout_gridville, uniq_sigmund, uniq_ijyb
D:6:      layout_cave_pools, kennysheep_mini_moat, temple_fountains,
          chequers_serial_rivers_micro_e, nicolae_shop_i_like_big_books,
          grunt_decor_fettered, skrybe_limestone_x, minmay_starry_boxes

Skill      XL: |  1  2  3  4  5  6  7 |
---------------+----------------------+-----
Spellcasting   | 2 3 4 5 |  5.9
Earth Magic    | 3 4 5 6 |  6.6
Conjurations   | 1 |  1.7
Fighting       | |  0.3
Dodging        | |  1.8
Stealth        | |  1.8

Action                     |  1- 3 |  4- 6 |  7- 9 || total
---------------------------+-------+-------+-------++-------
  Melee: Unarmed           |    23 |       |       ||    23
         Dagger            |       |     3 |       ||     3
   Cast: Sandblast         |    80 |    66 |     7 ||   153
         Stone Arrow       |       |       |    24 ||    24
  Evoke: Wand              |       |     3 |     4 ||     7
    Use: Potion            |     1 |       |     1 ||     2
         Scroll            |     2 |     3 |       ||     5
 Armour: Robe              |    18 |    17 |     6 ||    41
  Dodge: Dodged            |    36 |    16 |     2 ||    54
